 Dungeon Crawl Stone Soup version 0.20.0-10-g0535bb4 (webtiles) character file.

777 rbl the Skirmisher (level 7, 0/56 HPs)
             Began as a Demonspawn Assassin on June 4, 2017.
             Slain by a gnoll
             ... wielding a +0 spear
              (7 damage)
             ... on level 5 of the Dungeon.
             The game lasted 00:15:42 (5595 turns).

rbl the Skirmisher (Demonspawn Assassin)            Turns: 5595, Time: 00:15:43

Health: 0/56       AC:  4    Str: 12    XL:     7   Next: 54%
Magic:  7/7        EV: 15    Int: 16    God:
Gold:   167        SH:  0    Dex: 21    Spells: 4/6 levels left

rFire    . . .     SeeInvis .   a - +1 mace of Eternal Vigilance {drain, MR+ Int+4 Dex+5}
rCold    . . .     Gourm    .   (no shield)
rNeg     . . .     Faith    .   c - +0 robe
rPois    .         Spirit   .   (no helmet)
rElec    .         Reflect  .   d - +0 cloak
rCorr    .         Harm     .   q - +0 pair of gloves
MR       +....                  (no boots)
Stlth    +++.......             (no amulet)
Regen    0.2/turn               (no ring)
MPRegen  0.1/turn               (no ring)

@: berserk cooldown, slowed, very slow
A: powered by pain 2
a: no special abilities


You were on level 5 of the Dungeon.
You were not hungry.

You visited 1 branch of the dungeon, and saw 5 of its levels.

You collected 167 gold pieces.

Inventory:

Hand Weapons
 a - the +1 mace of Eternal Vigilance (weapon) {drain, MR+ Int+4 Dex+5}
   (You found it on level 4 of the Dungeon)

   A truly terrible weapon, it drains the life of those it strikes.
   It affects your intelligence (+4).
   It affects your dexterity (+5).
   It affects your resistance to hostile enchantments.
 b - a +0 blowgun
 f - a +3 quarterstaff of chaos
 u - a +0 hunting sling
 y - a cursed -2 spear
 D - a cursed -2 war axe
 J - a +2 dagger
Missiles
 i - 40 bolts
 l - 162 stones
 s - 6 javelins
 v - 59 arrows
 A - 17 sling bullets
 K - 2 curare-tipped needles
 L - 2 poisoned javelins (quivered)
 P - 2 poisoned needles
Armour
 c - a +0 robe (worn)
 d - a +0 cloak (worn)
 p - a +3 ring mail
 q - a +0 pair of gloves (worn)
 B - a +0 pair of gloves
 E - a +0 ring mail
Jewellery
 M - an uncursed ring of wizardry {unknown}
 O - an uncursed ring of ice {unknown}
Scrolls
 j - a scroll of identify {unknown}
 m - a scroll of teleportation {unknown}
 w - a scroll of amnesia
 x - a scroll of remove curse {unknown}
 H - a scroll of noise {unknown}
Potions
 e - a potion of lignification
 k - a potion of agility
 o - a potion of degeneration {unknown}
 r - a potion of mutation {unknown}
 z - a potion of berserk rage
 F - a potion of flight {unknown}
 G - 3 potions of cancellation {unknown}
 I - a potion of magic {unknown}
 N - a potion of curing {unknown}
Books
 t - a book of Minor Magic

   Spells                             Type                      Level
   a - Magic Dart                     Conjuration                  1
   b - Blink                          Translocation                2
   c - Call Imp                       Summoning                    2
   d - Slow                           Hexes                        2
   e - Conjure Flame                  Conjuration/Fire             3
   f - Mephitic Cloud                 Conjuration/Poison/Air       3
Comestibles
 g - 3 bread rations
 h - 2 fruits
 n - 2 royal jellies
 C - a meat ration


   Skills:
 - Level 5.0 Fighting
 - Level 1.7 Short Blades
 - Level 0.5 Maces & Flails
 - Level 3.4 Throwing
 + Level 4.5 Dodging
 - Level 3.6 Stealth
 - Level 2.8 Translocations


You had 4 spell levels left.
You knew the following spells:

 Your Spells              Type           Power        Failure   Level  Hunger
a - Blink                 Tloc           N/A          12%         2    ###....


Dungeon Overview and Level Annotations

Branches:
Dungeon (5/15)             Temple (0/1) D:4

Altars:
Dithmenos
Gozag
Okawaru
Uskayaw


Innate Abilities, Weirdness & Mutations

You sometimes gain power by taking damage.


Message History

Aim: a gnoll, wielding a spear (heavily wounded, poisoned)
You throw a poisoned javelin.
The poisoned javelin closely misses the gnoll.
You feel sick.
You are no longer poisoned.
The gnoll hits you but does no damage. x2
The gnoll hits you but does no damage. x2
The gnoll hits you but does no damage. The gnoll hits you but does no damage.
The gnoll barely misses you. The gnoll hits you but does no damage.
The gnoll hits you but does no damage. x2
You feel less wooden.
Your +0 cloak unmelds from your body.
Your +0 pair of gloves unmelds from your body.
Your +0 robe unmelds from your body.
The gnoll hits you but does no damage.
The gnoll looks more healthy.
The gnoll hits you from afar with a spear.
* * * LOW HITPOINT WARNING * * *
The gnoll hits you from afar with a spear!
You die...

#.# #...(># .###.# #.#
#.##### .....# #.# #.#
(.#... #.#
##.######....##
.#####.####...##.........
.............#.........#
.######........##..<...#
#####.#.####g#.#.#
########......@).# #
..........#.######
#########...# #..## #..#
#..# #..# ..#


You could see a gnoll.

Vanquished Creatures
  A hippogriff (D:4)
  Sigmund (D:3)
  A phantom (D:4)
  2 orc priests (D:3)
  A hound (D:5)
  Crazy Yiuf (D:4)
  An iguana (D:4)
  9 gnolls
  4 adders
  An ooze (D:1)
  An adder skeleton (D:4)
  2 worms (D:2)
  2 leopard geckos
  5 orcs (D:3)
  5 giant cockroaches
  10 goblins
  8 hobgoblins
  7 jackals
  4 kobolds (D:1)
  2 quokkas
  A ball python (D:3)
  7 bats
  5 frilled lizards
  7 rats
88 creatures vanquished.

Notes
Turn   | Place    | Note
-------+----------+-------------------------------------------
     0 | D:1      | rbl the Demonspawn Assassin began the quest for the Orb.
     0 | D:1      | Reached XP level 1. HP: 16/16 MP: 1/1
   159 | D:1      | Gained mutation: You sometimes gain a little power by taking damage. [demonic ancestry]
   159 | D:1      | Reached XP level 2. HP: 14/23 MP: 2/2
   164 | D:1      | Reached skill level 3 in Fighting
  1108 | D:2      | Reached XP level 3. HP: 29/29 MP: 3/3
  1211 | D:2      | Reached skill level 4 in Fighting
  1511 | D:2      | Reached XP level 4. HP: 38/38 MP: 4/4
  1837 | D:2      | Reached skill level 5 in Fighting
  2128 | D:2      | Reached skill level 1 in Dodging
  2639 | D:2      | Reached XP level 5. HP: 36/44 MP: 5/5
  3066 | D:3      | Noticed Sigmund
  3066 | D:3      | Found an opulent altar of Gozag.
  3066 | D:3      | Found a hide-covered altar of Uskayaw.
  3098 | D:3      | Found a shadowy altar of Dithmenos.
  3469 | D:3      | Learned a level 2 spell: Blink
  3967 | D:4      | Reached skill level 1 in Translocations
  3993 | D:4      | Noticed a phantom
  4003 | D:4      | Killed a phantom
  4003 | D:4      | Reached XP level 6. HP: 24/51 MP: 6/6
  4006 | D:4      | Found a staircase to the Ecumenical Temple.
  4217 | D:4      | Found a runed door.
  4220 | D:4      | Got an ivory mace
  4224 | D:4      | Identified the +1 mace of Eternal Vigilance {drain, MR+ Int+4 Dex+5} (You found it on level 4 of the Dungeon)
  4231 | D:4      | Noticed Crazy Yiuf
  4239 | D:4      | Killed Crazy Yiuf
  4489 | D:4      | Noticed a hippogriff
  4981 | D:3      | Killed Sigmund
  5130 | D:3      | Found an iron altar of Okawaru.
  5144 | D:3      | Gained mutation: You sometimes gain power by taking damage. [demonic ancestry]
  5144 | D:3      | Reached XP level 7. HP: 56/56 MP: 7/7
  5487 | D:4      | Killed a hippogriff
  5496 | D:5      | Entered Level 5 of the Dungeon
  5595 | D:5      | Slain by a gnoll

Skill      XL: |  1  2  3  4  5  6  7 |
---------------+----------------------+-----
Fighting       | 3 4 5 |  5.0
Dodging        | 1 2 4 |  4.5
Translocations | 2 |  2.8
Throwing       | 3 |  3.4
Short Blades   | |  1.7
Maces & Flails | |  0.5
Stealth        | |  3.6

Action                   |  1- 3 |  4- 6 |  7- 9 || total
-------------------------+-------+-------+-------++-------
Melee: Dagger            |   102 |   181 |       ||   283
       Mace              |       |    37 |    33 ||    70
 Fire: Blowgun           |     7 |    46 |       ||    53
Throw: Javelin           |       |     7 |     7 ||    14
  Use: Potion            |       |     1 |     2 ||     3
       Scroll            |       |     1 |       ||     1
 Stab: Sleeping          |     4 |     7 |       ||    11
  Eat: Chunk             |     2 |     7 |     1 ||    10
       Royal jelly       |       |     2 |       ||     2
       Fruit             |       |       |     1 ||     1
Armor: Robe              |    24 |    46 |    14 ||    84
       Skin              |       |       |    32 ||    32
Dodge: Dodged            |    43 |   138 |    31 ||   212
